NWL (28 & UNDER)
CASPER GHOSTS @ RED DEER WRANGLERS
08/21/2030
 
TOP OF THE 1ST
Casper Ghosts batting - Pitching for Red Deer Wranglers : RHP Dusty Smith
Pitching: RHP Dusty Smith
Batting: SHB Esteban Aliaga 0-0: Called Strike
0-1: Ball
1-1: Ball
2-1: Ground out 6-3 (Groundball, 6)
Batting: RHB Robert Acosta 0-0: Called Strike
0-1: Foul Ball, location: 2F
0-2: Ball
1-2: Ground out 6-3 (Groundball, 6)
Batting: RHB Jerry Browning 0-0: Called Strike
0-1: Ground out 4-3 (Groundball, 4S)
Top of the 1st over - 0 runs, 0 hits, 0 errors, 0 left on base; Casper 0 - Red Deer 0
BOTTOM OF THE 1ST
Red Deer Wranglers batting - Pitching for Casper Ghosts : LHP Sam Olson
Pitching: LHP Sam Olson
Batting: RHB Art Cameron 0-0: Called Strike
0-1: Called Strike
0-2: Strikes out swinging
Batting: RHB Pedro Cabrera 0-0: Ball
1-0: Ball
2-0: Called Strike
2-1: Swinging Strike
2-2: Ball
3-2: Base on Balls
Batting: RHB Steve Burton 0-0: Ball
1-0: Called Strike
1-1: Ball
2-1: Ball
3-1: Called Strike
3-2: Fly out, F8 (Flyball, 8RS)
Batting: LHB José López 0-0: Ball
1-0: Foul Ball, location: 2F
1-1: Foul Ball, location: 2F
1-2: Ground out 6-3 (Groundball, 6)
Bottom of the 1st over - 0 runs, 0 hits, 0 errors, 1 left on base; Casper 0 - Red Deer 0
TOP OF THE 2ND
Casper Ghosts batting - Pitching for Red Deer Wranglers : RHP Dusty Smith
Batting: LHB Ralph Cobb 0-0: Foul Ball, location: 2F
0-1: Ball
1-1: Ball
2-1: SINGLE (Flyball, 89S)
Batting: LHB Luis Rodríguez 0-0: Ball
1-0: Called Strike
1-1: Foul Ball, location: 2F
1-2: Ball
2-2: Grounds into double play, 4-6-3 (Groundball, 34)
Batting: RHB Tommy Allen 0-0: Called Strike
0-1: Ball
1-1: Called Strike
1-2: Ball
2-2: Foul Ball, location: 2F
2-2: Ball
3-2: Foul Ball, location: 2F
3-2: Fly out, F9 (Flyball, 9LS)
Top of the 2nd over - 0 runs, 1 hit, 0 errors, 0 left on base; Casper 0 - Red Deer 0
BOTTOM OF THE 2ND
Red Deer Wranglers batting - Pitching for Casper Ghosts : LHP Sam Olson
Batting: RHB Ben Fisher 0-0: Ball
1-0: Ball
2-0: Ball
3-0: Base on Balls
Batting: LHB Jorge Olvera 0-0: Ball
1-0: Swinging Strike
1-1: Ball
2-1: Foul Ball, location: 2F
2-2: Ball
3-2: Base on Balls
Ben Fisher to second
Batting: RHB Joe Wiggs 0-0: Called Strike
0-1: SINGLE (Line Drive, 78S)
Ben Fisher to third
Jorge Olvera to second
Batting: RHB Rijk de Rade 0-0: Grounds into double play, 5-4-3 (Groundball, 56)
Ben Fisher scores
Jorge Olvera to third
Batting: LHB Francisco Blanco 0-0: Called Strike
0-1: Swinging Strike
0-2: Foul Ball, location: 2F
0-2: Foul Ball, location: 2F
0-2: Ball
1-2: Ball
2-2: Strikes out looking
Bottom of the 2nd over - 1 run, 1 hit, 0 errors, 1 left on base; Casper 0 - Red Deer 1
TOP OF THE 3RD
Casper Ghosts batting - Pitching for Red Deer Wranglers : RHP Dusty Smith
Batting: LHB George Flanagan 0-0: Foul Ball, location: 2F
0-1: Foul Ball, location: 2F
0-2: Ball
1-2: Foul Ball, location: 2F
1-2: Foul Ball, location: 2F
1-2: Ball
2-2: Ball
3-2: SOLO HOME RUN (Line Drive, 9D), Distance : 360 ft
Batting: RHB Zhong-xian Pai 0-0: Ball
1-0: Ball
2-0: SINGLE (Groundball, 56D)
Batting: RHB Troy Reed 0-0: Fly out, F9 (Flyball, 89S)
Batting: SHB Esteban Aliaga 0-0: Fly out, F9 (Flyball, 89M)
Batting: RHB Robert Acosta 0-0: Ball
Zhong-xian Pai is caught stealing 2nd base
Top of the 3rd over - 1 run, 2 hits, 0 errors, 0 left on base; Casper 1 - Red Deer 1
BOTTOM OF THE 3RD
Red Deer Wranglers batting - Pitching for Casper Ghosts : LHP Sam Olson
Batting: RHB Art Cameron 0-0: Ball
1-0: Called Strike
1-1: Called Strike
1-2: Ball
2-2: Ball
3-2: Strikes out looking
Batting: RHB Pedro Cabrera 0-0: Ball
1-0: Foul Ball, location: 2F
1-1: Ball
2-1: Fly out, F7 (Flyball, 78D)
Batting: RHB Steve Burton 0-0: Ball
1-0: Called Strike
1-1: Called Strike
1-2: Ball
2-2: Ball
3-2: Ground out 4-3 (Groundball, 4)
Bottom of the 3rd over - 0 runs, 0 hits, 0 errors, 0 left on base; Casper 1 - Red Deer 1
TOP OF THE 4TH
Casper Ghosts batting - Pitching for Red Deer Wranglers : RHP Dusty Smith
Batting: RHB Robert Acosta 0-0: Swinging Strike
0-1: Called Strike
0-2: Foul Ball, location: 2F
0-2: Strikes out swinging
Batting: RHB Jerry Browning 0-0: SINGLE (Flyball, 34D)
Batting: LHB Ralph Cobb 0-0: Called Strike
0-1: Foul Ball, location: 2F
0-2: Ball
1-2: Foul Ball, location: 2F
1-2: Foul Ball, location: 2F
1-2: Foul Ball, location: 2F
1-2: SINGLE (Line Drive, 6MD)
Jerry Browning to second
Runner from 2nd tries for 3rd, SAFE, no throw
Batting: LHB Luis Rodríguez 0-0: Called Strike
0-1: Grounds into double play, 6-4-3 (Groundball, 6M)
Top of the 4th over - 0 runs, 2 hits, 0 errors, 1 left on base; Casper 1 - Red Deer 1
BOTTOM OF THE 4TH
Red Deer Wranglers batting - Pitching for Casper Ghosts : LHP Sam Olson
Batting: LHB José López 0-0: Foul Ball, location: 2F
0-1: Ball
1-1: Foul Ball, location: 2F
1-2: Foul Ball, location: 2F
1-2: Strikes out swinging
Batting: RHB Ben Fisher 0-0: Called Strike
0-1: Foul Ball, location: 2F
0-2: Strikes out swinging
Batting: LHB Jorge Olvera 0-0: SINGLE (Line Drive, 3D)
Batting: RHB Joe Wiggs 0-0: Ball
1-0: Called Strike
1-1: DOUBLE (Flyball, 8RXD)
Jorge Olvera to third
Runner from 3rd tries for Home, SAFE, no throw
Batting: RHB Rijk de Rade 0-0: Called Strike
0-1: Ball
Wild Pitch!
Joe Wiggs to third
1-1: Fly out, F9 (Flyball, 9)
Bottom of the 4th over - 1 run, 2 hits, 0 errors, 1 left on base; Casper 1 - Red Deer 2
TOP OF THE 5TH
Casper Ghosts batting - Pitching for Red Deer Wranglers : RHP Dusty Smith
Batting: RHB Tommy Allen 0-0: Called Strike
0-1: Foul Ball, location: 2F
0-2: Foul Ball, location: 2F
0-2: Ball
1-2: Ball
2-2: Foul Ball, location: 2F
2-2: Ball
3-2: SINGLE (Line Drive, 78M)
Batting: LHB George Flanagan 0-0: Ball
1-0: Foul Ball, location: 2F
1-1: Ball
2-1: Foul Ball, location: 2F
2-2: Strikes out looking
Batting: RHB Zhong-xian Pai 0-0: Foul Ball, location: 2F
0-1: Swinging Strike
0-2: Strikes out swinging
Batting: RHB Troy Reed 0-0: Ball
1-0: Called Strike
1-1: SINGLE (Line Drive, 4MD)
Tommy Allen to second
Batting: SHB Esteban Aliaga 0-0: Called Strike
0-1: Ball
1-1: SINGLE (Flyball, 78S)
Tommy Allen to third
Troy Reed to second
Throwing error, E7
Tommy Allen scores
Troy Reed to third
Esteban Aliaga to second
Batting: RHB Robert Acosta 0-0: Ground out 1-3 (Groundball, 13S)
Top of the 5th over - 1 run, 3 hits, 1 error, 2 left on base; Casper 2 - Red Deer 2
BOTTOM OF THE 5TH
Red Deer Wranglers batting - Pitching for Casper Ghosts : LHP Sam Olson
Batting: LHB Francisco Blanco 0-0: Called Strike
0-1: Ball
1-1: Swinging Strike
1-2: Strikes out swinging
Batting: RHB Art Cameron 0-0: Called Strike
0-1: Foul Ball, location: 2F
0-2: Ball
1-2: Ball
2-2: SINGLE (Groundball, 6D)
Batting: RHB Pedro Cabrera 0-0: Ball
1-0: Foul Ball, location: 2F
1-1: Swinging Strike
1-2: Ball
2-2: Ball
3-2: Fly out, F7 (Flyball, 7LS)
Pitching: RHP Michael Peterson
Batting: RHB Steve Burton 0-0: Swinging Strike
0-1: Called Strike
0-2: Ball
1-2: Ball
2-2: Strikes out swinging
Bottom of the 5th over - 0 runs, 1 hit, 0 errors, 1 left on base; Casper 2 - Red Deer 2
TOP OF THE 6TH
Casper Ghosts batting - Pitching for Red Deer Wranglers : RHP Dusty Smith
Batting: RHB Jerry Browning 0-0: Called Strike
0-1: Ball
1-1: Foul Ball, location: 2F
1-2: Foul Ball, location: 2F
1-2: Ball
2-2: DOUBLE (Flyball, 89XD)
Pitching: LHP Ernesto Pérez
Batting: LHB Ralph Cobb 0-0: Ball
1-0: Ball
2-0: Called Strike
2-1: Called Strike
2-2: Ball
3-2: SINGLE (Groundball, 34D)
Jerry Browning to third
Runner from 3rd tries for Home, SAFE, no throw
Batting: LHB Luis Rodríguez 0-0: Swinging Strike
0-1: Ball
1-1: Ball
2-1: Called Strike
2-2: Strikes out swinging
Batting: RHB Tommy Allen 0-0: Ball
Ralph Cobb steals 2nd base
1-0: Ball
2-0: Ball
3-0: Called Strike
3-1: 2-RUN HOME RUN (Flyball, 7LD), Distance : 328 ft
Pitching: RHP Matt Taylor
Batting: LHB George Flanagan 0-0: Called Strike
0-1: Swinging Strike
0-2: Strikes out swinging
Batting: RHB Zhong-xian Pai 0-0: Ball
1-0: Foul Ball, location: 2F
1-1: Ball
2-1: DOUBLE (Flyball, 8RXD)
Batting: RHB Troy Reed 0-0: Ball
1-0: Swinging Strike
1-1: Ball
2-1: Ball
3-1: Foul Ball, location: 2F
3-2: Foul Ball, location: 2F
3-2: Fly out, F3 (Line Drive, 34)
Top of the 6th over - 3 runs, 4 hits, 0 errors, 1 left on base; Casper 5 - Red Deer 2
BOTTOM OF THE 6TH
Red Deer Wranglers batting - Pitching for Casper Ghosts : RHP Michael Peterson
Batting: LHB José López 0-0: Ball
1-0: Ball
2-0: Ball
3-0: Base on Balls
Batting: RHB Ben Fisher 0-0: Swinging Strike
0-1: Ball
1-1: Ball
2-1: SINGLE (Line Drive, 34)
José López to second
Runner from 2nd tries for 3rd, SAFE, no throw
Batting: LHB Jorge Olvera 0-0: SINGLE (Groundball, 34D)
José López scores
Ben Fisher to second
Batting: RHB Joe Wiggs 0-0: Called Strike
0-1: Ball
1-1: Ball
2-1: Called Strike
2-2: Foul Ball, location: 2F
2-2: Foul Ball, location: 2F
2-2: Foul Ball, location: 2F
2-2: Grounds into double play, 4-6-3 (Groundball, 4M)
Ben Fisher to third
Batting: RHB Rijk de Rade 0-0: Foul Ball, location: 2F
0-1: Swinging Strike
0-2: Ball
1-2: Ball
2-2: Ball
3-2: Fly out, F6 (Line Drive, 56D)
Bottom of the 6th over - 1 run, 2 hits, 0 errors, 1 left on base; Casper 5 - Red Deer 3
TOP OF THE 7TH
Casper Ghosts batting - Pitching for Red Deer Wranglers : RHP Matt Taylor
Batting: SHB Esteban Aliaga 0-0: Ball
1-0: Foul Ball, location: 2F
1-1: Foul Ball, location: 2F
1-2: Foul Ball, location: 2F
1-2: Ball
2-2: SINGLE (Line Drive, 7LS)
Batting: RHB Robert Acosta 0-0: Ball
1-0: Sac Bunt - play at first, batter OUT! 3-4
Esteban Aliaga to second
Batting: RHB Jerry Browning 0-0: 2-RUN HOME RUN (Flyball, 9LD), Distance : 345 ft
Pitching: RHP Bernardo García
Batting: LHB Ralph Cobb 0-0: Ball
1-0: Swinging Strike
1-1: Ball
2-1: Swinging Strike
2-2: Foul Ball, location: 2F
2-2: Foul Ball, location: 2F
2-2: Strikes out swinging
Batting: LHB Luis Rodríguez 0-0: Called Strike
0-1: Foul Ball, location: 2F
0-2: Fly out, F8 (Flyball, 8RM)
Top of the 7th over - 2 runs, 2 hits, 0 errors, 0 left on base; Casper 7 - Red Deer 3
BOTTOM OF THE 7TH
Red Deer Wranglers batting - Pitching for Casper Ghosts : RHP Michael Peterson
Batting: LHB Francisco Blanco 0-0: Ball
1-0: Ground out 6-3 (Groundball, 6M)
Batting: RHB Art Cameron 0-0: Ground out 5-3 (Groundball, 56)
Batting: RHB Pedro Cabrera 0-0: Swinging Strike
0-1: Ball
1-1: Ball
2-1: Ball
3-1: Foul Ball, location: 2F
3-2: Fly out, F9 (Flyball, 9)
Bottom of the 7th over - 0 runs, 0 hits, 0 errors, 0 left on base; Casper 7 - Red Deer 3
TOP OF THE 8TH
Casper Ghosts batting - Pitching for Red Deer Wranglers : RHP Bernardo García
Batting: RHB Tommy Allen 0-0: Ball
1-0: Ball
2-0: Foul Ball, location: 2F
2-1: Ball
3-1: Foul Ball, location: 2F
3-2: Strikes out looking
Batting: LHB George Flanagan 0-0: Called Strike
0-1: Ball
1-1: Foul Ball, location: 2F
1-2: Ground out 4-3 (Groundball, 4D)
Batting: RHB Zhong-xian Pai 0-0: Ground out 4-3 (Groundball, 4MS)
Top of the 8th over - 0 runs, 0 hits, 0 errors, 0 left on base; Casper 7 - Red Deer 3
BOTTOM OF THE 8TH
Red Deer Wranglers batting - Pitching for Casper Ghosts : RHP Michael Peterson
Batting: RHB Steve Burton 0-0: Ball
1-0: Called Strike
1-1: Ground out U3 (Groundball, 3)
Batting: LHB José López 0-0: Ball
1-0: Ball
2-0: DOUBLE (Line Drive, 9LM)
Batting: RHB Ben Fisher 0-0: Fly out, F8 (Flyball, 78XD)
Runner from 2nd tags up, SAFE at 3rd, no throw
Batting: LHB Jorge Olvera 0-0: Ball
1-0: Ball
2-0: Called Strike
2-1: Foul Ball, location: 2F
2-2: Foul Ball, location: 2F
2-2: Foul Ball, location: 2F
2-2: Ball
3-2: SINGLE (Groundball, 4D)
José López scores
Batting: RHB Joe Wiggs 0-0: Ball
1-0: Ball
2-0: DOUBLE (Line Drive, 7LM)
Jorge Olvera to third
Runner from 3rd tries for Home, SAFE, no throw
Batting: RHB Rijk de Rade 0-0: Swinging Strike
0-1: Foul Ball, location: 2F
0-2: Foul Ball, location: 2F
0-2: Foul Ball, location: 2F
0-2: Ball
1-2: Foul Ball, location: 2F
1-2: Ball
2-2: Strikes out swinging
Bottom of the 8th over - 2 runs, 3 hits, 0 errors, 1 left on base; Casper 7 - Red Deer 5
TOP OF THE 9TH
Casper Ghosts batting - Pitching for Red Deer Wranglers : RHP Bernardo García
Batting: RHB Troy Reed 0-0: Ball
1-0: Foul Ball, location: 2F
1-1: Foul Ball, location: 2F
1-2: Strikes out swinging
Batting: SHB Esteban Aliaga 0-0: Ball
1-0: Fly out, F9 (Flyball, 89M)
Batting: RHB Robert Acosta 0-0: Called Strike
0-1: Called Strike
0-2: Ball
1-2: Ball
2-2: Foul Ball, location: 2F
2-2: DOUBLE (Line Drive, 7LM)
Batting: RHB Jerry Browning 0-0: Called Strike
0-1: Foul Ball, location: 2F
0-2: Strikes out swinging
Top of the 9th over - 0 runs, 1 hit, 0 errors, 1 left on base; Casper 7 - Red Deer 5
BOTTOM OF THE 9TH
Red Deer Wranglers batting - Pitching for Casper Ghosts : RHP Michael Peterson
Batting: LHB Francisco Blanco 0-0: Foul Ball, location: 2F
0-1: Ground out 3-1 (Groundball, 34)
Batting: RHB Art Cameron 0-0: Ball
1-0: Ball
2-0: Ground out 4-3 (Groundball, 4)
Batting: RHB Pedro Cabrera 0-0: SINGLE (Groundball, 56D)
Batting: RHB Steve Burton 0-0: Ball
1-0: Called Strike
1-1: Foul Ball, location: 2F
1-2: Ball
Pickoff Throw to First - Error! E1
Pedro Cabrera to second
2-2: SINGLE (Line Drive, 34)
Pedro Cabrera to third
Batting: LHB José López 0-0: Fly out, F3 (Popup, 34)
Bottom of the 9th over - 0 runs, 2 hits, 1 error, 2 left on base; Casper 7 - Red Deer 5
Saturday, April 7th, 2018 - OOTP Baseball 18.8 Build 76